 Dungeon Crawl Stone Soup version 0.26.1-2-gb8aa6d0cf2 (webtiles) character file.

Game seed: 8959675899692577467

317 Amaterasu the Skirmisher (level 6, -1/40 HPs)
             Began as a Gargoyle Fighter on Feb 11, 2021.
             Was an Initiate of Gozag.
             Slain by an orc wizard
             ... wielding a +0 dagger
              (4 damage)
             ... on level 5 of the Dungeon.
             The game lasted 00:05:09 (3337 turns).

Amaterasu the Skirmisher (Gargoyle Fighter)         Turns: 3337, Time: 00:05:09

Health: -1/40      AC: 14    Str: 22    XL:     6   Next: 44%
Magic:  6/6        EV:  7    Int:  8    God:    Gozag
Gold:   380        SH: 15    Dex:  9    Spells: 5/5 levels left

rFire    . . .     SeeInvis .   a - +1 flail
rCold    . . .     Faith    .   c - +1 kite shield
rNeg     + . .     Spirit   .   b - +0 scale mail
rPois    ∞         Reflect  +   (no helmet)
rElec    +         Harm     .   e - +2 cloak
rCorr    .         Rampage  .   (no gloves)
Will     .....                  (no boots)
Stlth    ..........             o - amulet of reflection
HPRegen  0.13/turn              h - ring of attention (curse)
MPRegen  0.10/turn              (no ring)

@: gold aura
A: negative energy resistance 1, electricity resistance, unbreathing,
petrification resistance, miasma immunity, AC +4
a: Renounce Religion, Potion Petition, Call Merchant, Bribe Branch


You were on level 5 of the Dungeon.
You worshipped Gozag.
Gozag was aware of your devotion.
You visited 1 branch of the dungeon, and saw 5 of its levels.

You collected 398 gold pieces.
You paid 18 gold pieces to Gozag.

Inventory:

Hand Weapons
 a - a +1 flail (weapon)
Armour
 b - a +0 scale mail (worn)
 c - a +1 kite shield (worn)
 e - a +2 cloak (worn)
Jewellery
 g - an uncursed amulet of magic regeneration
 h - a cursed ring of attention (left hand)
 o - an amulet of reflection (around neck)
Scrolls
 i - 3 scrolls of teleportation
 j - a scroll of identify
 k - a scroll of enchant armour
 p - 2 scrolls of blinking
 q - 2 scrolls of fear
 u - a scroll of fog
Potions
 d - a potion of might
 f - a potion of berserk rage
 l - a potion of cancellation
 m - a potion of heal wounds
 n - 2 potions of flight
 s - a potion of mutation
 t - a potion of resistance


   Skills:
 * Level 5.5 Fighting
 - Level 5.0 Maces & Flails
 * Level 3.4 Armour
 * Level 0.1 Dodging
 * Level 3.4 Shields


You had 5 spell levels left.
You didn't know any spells.
Your spell library contained the following spells:

 Spells                   Type           Power        Failure   Level
 Animate Skeleton         Necr           0%           99%         1
 Apportation              Tloc           0%           99%         1
 Corona                   Hex            0%           99%         1
 Summon Small Mammal      Summ           0%           99%         1


Dungeon Overview and Level Annotations

Branches:
Dungeon (5/15)             Temple (0/1) D:5

Altars:
Elyvilon
Gozag
Makhleb
Ru
Xom
Zin


Innate Abilities, Weirdness & Mutations

You are resistant to torment.
Your stone body is resilient. (AC +4)
You are immune to poison.
You resist negative energy. (rN+)
You are resistant to electric shocks. (rElec)
You can survive without breathing.
You are immune to petrification.
You are immune to miasma.


Message History

Items here: $ ( )) [.
You sock the orc!
You kill the orc!
Something hits you but does no damage. You block the orc priest's attack.
The orc priest becomes distracted by the nearby gold, dreaming of imaginary riches.
Things that are here:
5 gold pieces; a +0 club Your scale mail prevents you from hitting the orc priest.
The orc priest is no longer distracted by gold.
The orc priest shouts!
Something hits you but does no damage.
The orc priest miscasts a cantrip.
Something hits you but does no damage.
You closely miss the orc priest.
The orc priest mumbles some strange prayers to Beogh against you.
Beogh smites you!
* * * LOW HITPOINT WARNING * * *
Something hits you.
You die...
Your body crumbles into a pile of gold.

.... ....##### ........#
........# ###### ##
........# #....# .#
........# #....# .#
#...........o# #....###. .#
..#........@###.)......
.####..#.########$..........
##...#.#.#....# #....$......
#.#.#.#.#.##'###...$$......
#.#...#.#.#.........$......
##.........#...............#
............................
...####..........#######....
#..# #..#.......# ####


You could see an orc priest.

Vanquished Creatures
  An ogre (D:5)
  An orc wizard (D:5)
  An orc priest (D:5)
  An iguana (D:2)
  An adder (D:2)
  2 gnolls (D:2)
  A howler monkey skeleton (D:5)
  An ooze (D:4)
  A worm (D:4)
  3 dart slugs (D:1)
  A leopard gecko (D:2)
  15 orcs
  2 giant cockroaches
  7 hobgoblins
  9 jackals
  8 kobolds
  4 quokkas (D:2)
  5 bats
  4 frilled lizards (D:2)
  8 goblins
  A jackal skeleton (D:4)
  A jackal zombie (D:5)
  4 rats
82 creatures vanquished.

Vanquished Creatures (others)
  10 plants (D:2)
10 creatures vanquished.

Grand Total: 92 creatures vanquished

Notes
Turn   | Place    | Note
-------+----------+-------------------------------------------
     0 | D:1      | Amaterasu the Gargoyle Fighter began the quest for the Orb.
     0 | D:1      | Reached XP level 1. HP: 14/14 MP: 1/1
   161 | D:1      | Reached XP level 2. HP: 11/20 MP: 2/2
   653 | D:1      | Reached XP level 3. HP: 20/24 MP: 3/3
  1483 | D:2      | Reached XP level 4. HP: 26/30 MP: 4/4
  1924 | D:2      | Found an opulent altar of Gozag.
  1925 | D:2      | Found a burning altar of Makhleb.
  1925 | D:2      | Found a white marble altar of Elyvilon.
  1936 | D:2      | Became a worshipper of Gozag Ym Sagoz the Greedy
  1989 | D:2      | Reached XP level 5. HP: 28/34 MP: 5/5
  2489 | D:3      | Found a sacrificial altar of Ru.
  2871 | D:4      | Noticed an angel
  2872 | D:4      | Found a glowing silver altar of Zin.
  2873 | D:4      | Found a shimmering altar of Xom.
  2977 | D:5      | Entered Level 5 of the Dungeon
  2977 | D:5      | Noticed an ogre
  3173 | D:5      | Found a staircase to the Ecumenical Temple.
  3198 | D:5      | Noticed an ogre
  3205 | D:5      | Killed an ogre
  3206 | D:5      | Reached skill level 5 in Fighting
  3206 | D:5      | Reached skill level 5 in Maces & Flails
  3206 | D:5      | Reached XP level 6. HP: 33/40 MP: 6/6
  3305 | D:5      | Identified the +5 ring mail "Enuedgh" {Will+ SInv}
  3337 | D:5      | Slain by an orc wizard

Illustrated notes

Levels and vault maps discovered:
D:1:      dpeg_arrival_three_same_balls, layout_basic
D:2:      wad_woods_tower, layout_loops_ring,
          chequers_temple_overflow_statue_of_worship
D:3:      layout_rooms, nicolae_ru_path_of_blood
D:4:      layout_basic, grunt_temple_overflow_order_and_chaos_1
D:5:      layout_basic, minmay_temple_entry_offerings, minmay_stone_trees_small

Skill      XL: |  1  2  3  4  5 |
---------------+----------------+-----
Fighting       | 4 5 |  5.5
Maces & Flails | 3 4 5 |  5.0
Armour         | |  3.4
Dodging        | |  0.1
Shields        | |  3.4

Action                   |  1- 3 |  4- 6 || total
-------------------------+-------+-------++-------
Melee: Flail             |   149 |   165 ||   314
  Use: Scroll            |     5 |    11 ||    16
       Potion            |       |     1 ||     1
Armor: Scale mail        |    96 |    81 ||   177
Dodge: Dodged            |    47 |    50 ||    97
Block: Kite shield       |   116 |   130 ||   246
       Reflection        |       |    11 ||    11
